woodfighter, lawful female dwarven Priestess ---- -------------------..| ----....................-- |......--...----------...| |...--.....-- |...| |`..--.....| ---f| |...[......-- ---------@| |..........>| |.......o)| --.---------- |......o..| |..| |....<...o| --..------- |.........| |.......`.| |.........| |.........| ----------- ----------- woodfighter the Adept Experience level: 6 Strength: 14 Dexterity: 13 Constitution: 15 Intelligence: 17 Wisdom: 9 Charisma: 9 Health: 0(42) Energy: 34(34) Def: 8 Gold: 0 Moves: 4477 Dungeon seed: eDmBxtj86Z7kx6UJ Game ID: woodfighter_1547536759 Your Inventory: Weapons a - a blessed +4 dwarvish spear named Spear of Serenity (weapon in hand) p - a +0 dwarvish spear T - 3 +0 dwarvish spears Armor e - a +0 robe n - a +0 small shield (being worn) q - a +0 dwarvish cloak (being worn) r - a +0 dwarvish mithril-coat (being worn) Y - a +0 orcish helm (being worn) Comestibles c - 2 food rations d - a sprig of wolfsbane A - 2 tripe rations M - a magic bean Rings b - a ring of teleport control h - a cursed ring of aggravate monster l - a ring of warning x - a ring of see invisible z - a cursed -4 ring of gain strength Wands f - a wand of undead turning (0:7) Tools y - a lock pick Spells and supernatural/magical abilities: Name Level Category Fail Memory h - healing 1 healing 95% 78% E - detect food 2 divination 100% 78% W - pray for help -- divine ? -- X - turn undead -- divine ? -- Your skills at the end: Miscellaneous Skills shield [Basic] wands [Basic] Weapon Skills pick-axe [Basic] mace [Basic] spear [Skilled] Spellcasting Skills clerical spells [Basic] Final Attributes: You were piously aligned. Your writing hand was ok. You had infravision. You were stealthy. You are dead. Vanquished creatures: a wood nymph 5 Uruk-hai a rock mole a rock piercer a fog cloud a shrieker a red naga hatchling 3 golden naga hatchlings 2 gray oozes 4 elf zombies 2 ghouls a straw golem a paper golem a kitten a dwarf 3 quasits an iguana a rothe a centipede 3 jitterbugs 4 orc zombies a dwarf zombie a coyote an acid blob a large kobold 5 geckos a hobgoblin 2 giant rats 2 yellow molds 2 red molds 6 manes 2 jackals 2 foxes 6 newts 4 goblins 2 grid bugs 3 bats 5 lichens a kobold zombie 86 creatures vanquished. Voluntary challenges: You did not adorn yourself with jewelry or accessories. You did not cause conflict. You were not invisible. You did not have reflection. You were not displaced. You used a wielded weapon 133 times, starting on turn 3. You did not apply a unicorn horn. You did not use plumbed fixtures. You did not drink any magical draughts. You were illiterate. You never genocided any monsters. You never polymorphed an object. You never changed form. You used no wishes. You never split a pudding. You never wrote Elbereth's name. You never violated your personal moral code. Dungeon overview: The Dungeons of Doom: levels 1 to 8 Level 1 a sink a long staircase Level 2 a sink Level 3 stairs to The Gnomish Mines Level 4 a sink Level 5 (eye) a fountain Level 6 many fountains Level 7 (throne) a throne stairs to Sokoban Level 8 The Gnomish Mines: Level 4 stairs to The Dungeons of Doom Sokoban: levels 5 to 6 Level 5 <- You were here Level 6 a magic chest stairs to The Dungeons of Doom History has recorded: On T:1 you entered the Dungeons of Doom to retrieve the Amulet of Yendor! On T:402 you reached level 2 of The Dungeons of Doom. On T:420 you advanced to experience level 2. On T:775 you reached level 3 of The Dungeons of Doom. On T:904 you reached level 4 of The Dungeons of Doom. On T:1225 you reached level 1 of The Gnomish Mines. On T:1503 you reached level 5 of The Dungeons of Doom. On T:1722 you advanced to experience level 3. On T:1761 you prayed to Mitra. On T:1997 you reached level 6 of The Dungeons of Doom. On T:2104 you advanced to experience level 4. On T:2331 you prayed to Mitra. On T:2473 you reached level 7 of The Dungeons of Doom. On T:2498 you advanced to experience level 5. On T:2900 you prayed to Mitra. On T:3001 you reached level 8 of The Dungeons of Doom. On T:3062 you reached level 4 of Sokoban. On T:3206 you opened a magic chest. On T:3266 you advanced to experience level 6. On T:3628 you reached level 3 of Sokoban. On T:4434 you prayed to Mitra. Score breakdown: Gold: 0 ( 0 points) Experience: 6 levels ( 500 points) Exploration: 8 levels ( 210 points) Discoveries: 13 items ( 650 points) Variety of kills: 39 monsters ( 1950 points) Major goal: (nothing yet) ( 0 points) Survival: died (score multiplied by 3) Total score: 9930 Latest messages: The Uruk-hai punches you! Kitty picks up a crude spear. You kill the giant rat! You kill the red naga hatchling! The Uruk-hai misses. You jab the golden naga hatchling! The golden naga hatchling bites! The Uruk-hai punches you! The golden naga hatchling just misses! You kill the golden naga hatchling! The Uruk-hai punches you! You kill the Uruk-hai! You destroy the ghoul! The golden naga hatchling bites! Kitty drops a crude spear. You jab the golden naga hatchling! The golden naga hatchling bites! Kitty picks up 2 crude spears. You kill the golden naga hatchling! The Uruk-hai picks up a pair of hard shoes. The Uruk-hai puts on a pair of hard shoes. The Uruk-hai shoots 2 poisoned crude arrows! You are hit by the 1st poisoned crude arrow! You hear the wailing of the Banshee... You feel weaker! You are hit by the 2nd poisoned crude arrow. You die... Final status: Goodbye woodfighter the Priestess, killed by an orcish arrow... You died in Sokoban on dungeon level 5 with 9930 points, and 0 pieces of gold, after 4477 moves. You were level 6 with a maximum of 42 hit points when you died.